 Dungeon Crawl Stone Soup version 0.17.0-28-g6e173f8 (webtiles) character file.

76011 4thArraOfDagon the Severer (level 15, -20/128 HPs)
             Began as a Minotaur Berserker on Nov 22, 2015.
             Was an Elder of Trog.
             Shot with a bolt by a naga sharpshooter (21 damage)
             ... on level 4 of the Snake Pit.
             The game lasted 00:38:06 (4620 turns).

4thArraOfDagon the Severer (Minotaur Berserker)     Turns: 4620, Time: 00:38:06

Health: -20/128    AC: 18    Str: 23      XL:     15   Next: 11%
Magic:  22/22      EV: 17    Int: 15 (16) God:    Trog [****..]
Gold:   411        SH:  0    Dex: 15      Spells: 0 memorised, 14 levels left

rFire  + + .     SeeInvis .     F - +10 war axe of the Beginning {holy, rPois rC- rN+}
rCold  x . .     Rnd*Rage +     H - +3 scale mail {rF+}
rNeg   + . .     SustAt   .     (no shield)
rPois  +         Gourm    .     C - +1 hat
rElec  +         Spirit   .     (no cloak)
rCorr  .         Warding  .     V - +0 pair of gloves
rMut   .         Stasis   .     a - +0 pair of boots
MR     +++..                    K - amulet of regeneration
Stlth  ..........               A - +4 ring of dexterity
                                o - ring of the Mackerel {*Drain rElec rF+ Int+8 Dex+4}

@: very slightly contaminated, regenerating, invisible, extremely resistant to
hostile enchantments, extremely unstealthy
A: retaliatory headbutt, horns 2, rugged brown scales 1, berserk 1, clumsy 2,
deterioration 1, frail 1, high mp 1, electricity resistance
a: Berserk, Trog's Hand, Brothers in Arms, Burn Spellbooks, Renounce Religion


You were on level 4 of the Snake Pit.
You worshipped Trog.
Trog was greatly pleased with you.
You were not hungry.

You visited 3 branches of the dungeon, and saw 20 of its levels.
You also visited: Labyrinth and Volcano.

You collected 945 gold pieces.
You spent 534 gold pieces at shops.

Inventory:

Hand Weapons
 F - the +10 war axe of the Beginning (weapon) {holy, rPois rC- rN+}
   (You found it in a volcano)

   It has been blessed by the Shining One to cause great damage to the undead
   and demons.
   It makes you vulnerable to cold.
   It protects you from poison.
   It protects you from negative energy.
 I - a +5 war axe of flaming
 N - a +2 battleaxe of chaos
Missiles
 q - 2 steel javelins (quivered)
Armour
 a - a +0 pair of boots (worn)
 u - the cursed -1 cloak of Misanthropy {MR- Int+4 Dex+3 SInv}
   (You found it on level 1 of the Lair of Beasts)

   It affects your intelligence (+4).
   It affects your dexterity (+3).
   It affects your resistance to hostile enchantments.
   It lets you see invisible.
   It has a curse placed upon it.
 C - a +1 hat (worn)
 H - a +3 scale mail of fire resistance (worn)
 V - a +0 pair of gloves (worn)
Jewellery
 o - the ring of the Mackerel (left hand) {*Drain rElec rF+ Int+8 Dex+4}
   (You took it off a minotaur in a labyrinth)

   [ring of dexterity]

   It affects your intelligence (+8).
   It affects your dexterity (+4).
   It protects you from fire.
   It insulates you from electricity.
   It causes draining when unequipped.
 y - an uncursed ring of flight
 A - a +4 ring of dexterity (right hand)
 K - an amulet of regeneration (around neck)
 R - an uncursed ring of sustain attributes
Wands
 b - a wand of fireball (2)
 d - a wand of random effects (21)
 g - a wand of slowing (4)
 i - a wand of teleportation (7)
 s - a wand of random effects (17)
 x - a wand of draining (4)
 P - a wand of cold (6)
Scrolls
 f - a scroll of vulnerability {unknown}
 k - 7 scrolls of remove curse
 m - 3 scrolls of magic mapping
 n - a scroll of noise {unknown}
 D - a scroll of blinking
 L - 2 scrolls of immolation {unknown}
 S - a scroll of enchant weapon {unknown}
 W - 4 scrolls of teleportation
 Z - a scroll of identify
Potions
 e - a potion of invisibility
 h - a potion of degeneration
 j - 3 potions of curing
 v - 2 potions of brilliance
 z - a potion of cure mutation
 G - 2 potions of berserk rage
 J - a potion of resistance
 Q - 3 potions of might
 T - a potion of cancellation
Books
 r - a book of Ice

   Spells                             Type                      Level
   a - Ice Form                       Ice/Transmutation            4
   b - Metabolic Englaciation         Hexes/Ice                    5
   c - Ozocubu's Refrigeration        Ice                          6
   d - Bolt of Cold                   Conjuration/Ice              6
   e - Freezing Cloud                 Conjuration/Ice/Air          6
   f - Simulacrum                     Ice/Necromancy               6
   Trog disapproves of the use of such an item.
 E - a book of Conjurations

   Spells                             Type                      Level
   a - Magic Dart                     Conjuration                  1
   b - Searing Ray                    Conjuration                  2
   c - Dazzling Spray                 Conjuration/Hexes            3
   d - Fulminant Prism                Conjuration/Hexes            4
   e - Iskenderun's Mystic Blast      Conjuration                  4
   f - Iskenderun's Battlesphere      Conjuration/Charms           5
   Trog disapproves of the use of such an item.
 X - the Almanac of Aerial Attacks
   (You found it in a labyrinth)

   Spells                             Type                      Level
   a - Static Discharge               Conjuration/Air              3
   b - Venom Bolt                     Conjuration/Poison           5
   c - Bolt of Cold                   Conjuration/Ice              6
   d - Conjure Ball Lightning         Conjuration/Air              6
   Trog disapproves of the use of such an item.
 Y - a book of Minor Magic

   Spells                             Type                      Level
   a - Magic Dart                     Conjuration                  1
   b - Blink                          Translocation                2
   c - Call Imp                       Summoning                    2
   d - Repel Missiles                 Charms/Air                   2
   e - Slow                           Hexes                        2
   f - Conjure Flame                  Conjuration/Fire             3
   g - Mephitic Cloud                 Conjuration/Poison/Air       3
   Trog disapproves of the use of such an item.
Miscellaneous
 O - a plain deck of changes {drawn: 1}
 U - a plain deck of defence {drawn: 1}
Comestibles
 c - 8 bread rations
 w - 5 fruits
 B - 11 royal jellies
 M - a meat ration


   Skills:
 + Level 14.2 Fighting
 - Level 17.0 Axes
 + Level 14.1 Armour
 * Level 11.5 Dodging
 - Level 8.0 Evocations


You had 14 spell levels left.
You didn't know any spells.

Dungeon Overview and Level Annotations

Branches:
Dungeon (8/15)               Lair (8/8) D:8           Snake (4/4) Lair:3
 Temple: D:4-7        Swamp: Lair:3-6    Shoals: Lair:3-6     Slime: Lair:6-8

Altars:
Elyvilon
Ru
Trog
Xom

Shops:
D:7 !   Snake:3 ?   Snake:4 :

Annotations:
D:7 Menkaure
Snake:2 Aizul
Snake:3 exclusion: upstairs


Innate Abilities, Weirdness & Mutations

You reflexively headbutt those who attack you in melee.
You have a pair of horns on your head.
You are partially covered in rugged brown scales (AC +1, +3% HP).
You tend to lose your temper in combat.
You are very clumsy. (Dex -4)
Your body sometimes deteriorates upon taking damage.
You are frail (-10% HP).
You have an increased reservoir of magic (+10% MP).
You are resistant to electric shocks.


Message History

t - Shout!
Orders for allies: a - Attack new target. r - Retreat! s - Stop attacking. w - Wait here. f - Follow me.
Anything else - Stay silent.
Gang up on whom?
Press: ? - help, Dir - move target cursor, f - naga sharpshooter
Aim: a naga sharpshooter, wielding an arbalest of evasion and wearing a robe (fast) Attack!
The naga sharpshooter casts a spell.
The naga sharpshooter magically shoots a bolt.
The bolt hits you!!
* * * LOW HITPOINT WARNING * * *
Your deep troll bites the naga sharpshooter!!
Your deep troll closely misses the naga sharpshooter. x2
The black mamba bites your two-headed ogre.
The naga sharpshooter gestures wildly while chanting.
The naga sharpshooter magically shoots a bolt.
The bolt hits you!!
You die...

,,,.....................,,,,,,,,,
,,..........).........#*,,,,,,,,,
,###...............S..##.,,,,,,,,
** *,,,.##....T).NSS(....,,,,,,,,
* *,,,**##...#S.TS......,,,,,,,,
*,,,* ##..##.(†###..,,,,,,,,,
*,,** #..,##(## *****,,,,,**
**,,*** #..,#..# **,,,,* **,,,,,*
*##.,#@## *,,**,* *,******
*,.#*### *****,* *** **** ***


You could see a naga sharpshooter, an anaconda, 3 black mambas and a friendly
deep troll (berserk).

Vanquished Creatures
  A minotaur (Lab)
  A fire dragon (Lair:8)
  5 hydras
  10 naga warriors
  3 anacondas
  Erica (Lair:2)
  2 death yaks (Lair:5)
  A naga sharpshooter (Snake:3)
  A salamander mystic (Snake:3)
  4 sea snakes (Snake:2)
  2 naga ritualists
  2 griffons
  2 mana vipers
  3 salamanders
  A hornet (Lair:8)
  11 black mambas
  4 elephants (Lair:7)
  A molten gargoyle (Volcano)
  3 guardian serpents
  5 naga magi
  2 gargoyles (Volcano)
  6 spiny frogs
  7 komodo dragons
  3 polar bears
  3 fire drakes
  A queen bee (Lair:1)
  Prince Ribbit (Lair:2)
  9 blink frogs
  A wyvern (Lair:8)
  A basilisk (Lair:4)
  4 fire bats (Lair:8)
  18 yaks
  3 steam dragons
  2 mottled dragons (Lair:8)
  4 hippogriffs
  11 wolves
  13 water moccasins
  22 nagas
  2 black bears
  2 swamp drakes (Lair:8)
  3 spiders (Lair:8)
  5 soldier ants (Lair:4)
  2 wasps (Lair:8)
  6 porcupines
  An ice beast (D:8)
  A sky beast (D:7)
  An ogre (D:7)
  10 giant frogs
  A centaur (D:6)
  9 crocodiles
  A scorpion (D:8)
  16 killer bees (Lair:1)
  An electric eel (Lair:6)
  A lava snake (Lair:8)
  A giant frog zombie (D:7)
  A hound (D:8)
  A centaur skeleton (D:6)
  12 worker ants
  8 iguanas
  14 sheep
  7 hell rats (Lair:4)
  7 adders
  14 river rats
  An adder zombie (D:7)
  An orc (D:3)
  6 bats
  A hobgoblin (D:3)
  A kobold (D:3)
  A quokka (D:7)
  A ball python (D:7)
  2 giant newts
  A goblin (D:3)
  4 rats
  11 fungi
  7 plants
338 creatures vanquished.

Vanquished Creatures (collateral kills)
  A salamander mystic (Snake:4)
  A wolf spider (Lair:8)
  A salamander (Snake:4)
  3 black mambas (Snake:4)
  A spiny frog (Lair:8)
  A yak (Lair:4)
8 creatures vanquished.

Vanquished Creatures (others)
  8 fungi
  3 plants
11 creatures vanquished.

Grand Total: 357 creatures vanquished

Notes
Turn   | Place    | Note
--------------------------------------------------------------
     0 | D:1      | 4thArraOfDagon the Minotaur Berserker began the quest for the Orb.
     0 | D:1      | Reached XP level 1. HP: 19/19 MP: 0/0
    73 | D:2      | Found a shimmering altar of Xom.
    93 | D:3      | Reached skill level 4 in Axes
   124 | D:3      | Reached XP level 2. HP: 10/27 MP: 1/1
   197 | D:4      | Found a white marble altar of Elyvilon.
   231 | D:4      | Found a bloodstained altar of Trog.
   231 | D:4      | Noticed a scorpion
   256 | D:5      | Entered Level 5 of the Dungeon
   267 | D:5      | Found a sacrificial altar of Ru.
   338 | D:6      | Reached XP level 3. HP: 33/33 MP: 2/2
   356 | D:6      | Got a slimy rapier
   372 | D:6      | Noticed a centaur
   376 | D:6      | Killed a centaur
   376 | D:6      | Reached skill level 5 in Axes
   376 | D:6      | Reached XP level 4. HP: 34/41 MP: 3/3
   405 | D:7      | Noticed a black bear
   427 | D:7      | Killed a black bear
   427 | D:7      | Reached skill level 6 in Axes
   427 | D:7      | Reached XP level 5. HP: 35/47 MP: 4/4
   472 | D:7      | Noticed an ogre
   497 | D:7      | Killed an ogre
   497 | D:7      | Reached skill level 5 in Fighting
   497 | D:7      | Reached XP level 6. HP: 5/56 MP: 5/5
   498 | D:7      | HP: 1/84 [giant frog zombie (4)]
   577 | D:7      | Noticed a sky beast
   591 | D:7      | Found Osmenar's Distillery.
   606 | D:7      | Killed a sky beast
   606 | D:7      | Reached skill level 7 in Axes
   612 | D:7      | Gained mutation: You are resistant to electric shocks. [mutagenic meat]
   613 | D:7      | Gained mutation: Your body sometimes deteriorates upon taking damage. [mutagenic meat]
   614 | D:7      | Gained mutation: You tend to lose your temper in combat. [mutagenic meat]
   615 | D:7      | Gained mutation: You are clumsy. (Dex -2) [mutagenic meat]
   625 | D:7      | Bought a potion of mutation for 30 gold pieces
   625 | D:7      | Bought a potion of heal wounds for 60 gold pieces
   625 | D:7      | Bought a potion of agility for 48 gold pieces
   625 | D:7      | Gained mutation: You are partially covered in rugged brown scales (AC +1, +3% HP). [potion of mutation]
   625 | D:7      | Gained mutation: You are very clumsy. (Dex -4) [potion of mutation]
   626 | D:7      | Gained mutation: You are frail (-10% HP). [potion of mutation]
   626 | D:7      | Gained mutation: You have an increased reservoir of magic (+10% MP). [potion of mutation]
   670 | D:8      | Noticed a steam dragon
   676 | D:8      | Reached ** piety under Trog
   676 | D:8      | Reached skill level 5 in Armour
   676 | D:8      | Reached XP level 7. HP: 39/56 MP: 6/6
   681 | D:8      | Killed a steam dragon
   681 | D:8      | Reached skill level 8 in Axes
   748 | D:7      | Noticed Menkaure
   748 | D:7      | Noticed a giant frog
   764 | D:8      | Found a staircase to the Lair.
   812 | Lair:1   | Entered Level 1 of the Lair of Beasts
   820 | Lair:1   | Reached XP level 8. HP: 49/66 MP: 7/7
   834 | Lair:1   | Reached skill level 9 in Axes
   872 | Lair:1   | Noticed a komodo dragon
   873 | Lair:1   | Noticed a yak
   879 | Lair:1   | Noticed a yak
   879 | Lair:1   | Noticed a yak
   880 | Lair:1   | Noticed a yak
   881 | Lair:1   | Noticed a yak
   887 | Lair:1   | Killed a komodo dragon
   889 | Lair:1   | Killed a yak
   889 | Lair:1   | Reached skill level 10 in Axes
   889 | Lair:1   | Killed a yak
   893 | Lair:1   | Killed a yak
   894 | Lair:1   | Killed a yak
   894 | Lair:1   | Reached XP level 9. HP: 75/75 MP: 8/8
   896 | Lair:1   | Killed a yak
   944 | Lair:1   | Noticed a blink frog
   972 | Lair:1   | Noticed a blink frog
   980 | Lair:1   | Noticed a blink frog
   986 | Lair:1   | Got a faintly glowing cloak
   997 | Lair:1   | Identified the cursed -1 cloak of Misanthropy {MR- Int+4 Dex+3 SInv} (You found it on level 1 of the Lair of Beasts)
  1033 | Lair:1   | Noticed a four-headed hydra
  1036 | Lair:1   | Noticed a spiny frog
  1036 | Lair:1   | Noticed an eight-headed hydra
  1037 | Lair:1   | Reached skill level 11 in Axes
  1038 | Lair:1   | Killed a two-headed hydra
  1045 | Lair:1   | Killed a spiny frog
  1053 | Lair:1   | Killed a four-headed hydra
  1053 | Lair:1   | Reached skill level 12 in Axes
  1053 | Lair:1   | Reached XP level 10. HP: 51/84 MP: 9/12
  1073 | Lair:1   | Killed a blink frog
  1138 | Lair:1   | Noticed a queen bee
  1200 | Lair:1   | Killed a queen bee
  1240 | Lair:2   | Noticed Prince Ribbit
  1250 | Lair:2   | Killed Prince Ribbit
  1260 | Lair:2   | Reached *** piety under Trog
  1296 | Lair:2   | Noticed Erica
  1306 | Lair:2   | Killed Erica
  1306 | Lair:2   | Reached skill level 10 in Fighting
  1306 | Lair:2   | Reached skill level 13 in Axes
  1381 | Lair:2   | Reached skill level 10 in Armour
  1435 | Lair:2   | You fall through a shaft for 2 floors!
  1476 | Lair:6   | Reached XP level 11. HP: 93/93 MP: 13/15
  1532 | Lair:6   | Noticed a swamp dragon
  1542 | Lair:6   | Noticed a griffon
  1547 | Lair:6   | Reached skill level 5 in Evocations
  1552 | Lair:6   | Killed a griffon
  1696 | Lair:6   | Found a dark tunnel.
  1701 | Volcano  | Entered a volcano
  1713 | Volcano  | Reached skill level 14 in Axes
  1734 | Volcano  | Got a translucent war axe
  1816 | Volcano  | Identified the +10 war axe of the Beginning {holy, rPois rC- rN+} (You found it in a volcano)
  1920 | Lair:7   | Noticed an eight-headed hydra
  1930 | Lair:7   | Killed a three-headed hydra
  1949 | Lair:8   | Entered Level 8 of the Lair of Beasts
  2116 | Lair:8   | Noticed a fire dragon
  2131 | Lair:8   | Killed a fire dragon
  2293 | Lair:7   | Reached skill level 15 in Axes
  2350 | Lair:8   | Reached XP level 12. HP: 62/102 MP: 17/17
  2508 | Lair:8   | Reached **** piety under Trog
  2542 | Lair:8   | Received a gift from Trog
  2769 | Lair:7   | Found a white marble altar of Elyvilon.
  2941 | Lair:6   | Noticed a black mamba
  2941 | Lair:6   | Reached skill level 16 in Axes
  2946 | Lair:6   | Killed a black mamba
  3050 | Lair:5   | Noticed a death yak
  3053 | Lair:5   | Noticed a death yak
  3070 | Lair:5   | Killed a death yak
  3072 | Lair:5   | Killed a death yak
  3156 | Lair:4   | Reached ***** piety under Trog
  3277 | Lair:4   | Noticed a five-headed hydra
  3280 | Lair:4   | Reached XP level 13. HP: 110/110 MP: 19/19
  3286 | Lair:4   | Received a gift from Trog
  3291 | Lair:4   | Killed a nine-headed hydra
  3363 | Lair:4   | Noticed a black mamba
  3368 | Lair:4   | Killed a black mamba
  3474 | Lair:3   | Found a labyrinth entrance.
  3479 | Lab      | Entered a labyrinth
  3519 | Lab      | Got a clouded wooden ring
  3532 | Lab      | Identified the Almanac of Aerial Attacks (You found it in a labyrinth)
  3533 | Lab      | Identified the ring of the Mackerel {*Drain rElec rF+ Int+8 Dex+4} (You took it off a minotaur in a labyrinth)
  3566 | Lair:3   | Found a staircase to the Snake Pit.
  3578 | Lair:3   | Reached skill level 17 in Axes
  3585 | Snake:1  | Entered Level 1 of the Snake Pit
  3596 | Snake:1  | Reached XP level 14. HP: 119/119 MP: 21/21
  3806 | Snake:2  | Noticed a greater naga
  3971 | Snake:2  | Noticed Aizul
  4025 | Snake:3  | Found Yboel's Magic Scroll Shop.
  4060 | Snake:3  | Received a gift from Trog
  4187 | Snake:3  | Reached skill level 10 in Dodging
  4201 | Snake:3  | Bought a scroll of blinking for 135 gold pieces
  4201 | Snake:3  | Bought a scroll of teleportation for 54 gold pieces
  4201 | Snake:3  | Bought a scroll of magic mapping for 63 gold pieces
  4201 | Snake:3  | Bought a scroll of identify for 36 gold pieces
  4201 | Snake:3  | Bought a scroll of teleportation for 54 gold pieces
  4201 | Snake:3  | Bought a scroll of identify for 36 gold pieces
  4201 | Snake:3  | Bought a scroll of random uselessness for 18 gold pieces
  4430 | Snake:4  | Entered Level 4 of the Snake Pit
  4520 | Snake:4  | Reached XP level 15. HP: 128/128 MP: 22/22
  4589 | Snake:4  | Found Lysipn's Book Shop.
  4620 | Snake:4  | HP: 1/128 [naga sharpshooter/bolt (20)]
  4620 | Snake:4  | Shot with a bolt by a naga sharpshooter

Action                   |  1- 3 |  4- 6 |  7- 9 | 10-12 | 13-15 || total
-------------------------+-------+-------+-------+-------+-------++-------
Melee: Hand axe          |    32 |    31 |    92 |   127 |       ||   282
       War axe           |       |       |       |   315 |   251 ||   566
Invok: Berserk           |     1 |     4 |     2 |    16 |    10 ||    33
       Trog's Hand       |       |       |     4 |    19 |    13 ||    36
       Brothers in Arms  |       |       |       |     1 |     4 ||     5
Evoke: Wand              |       |       |       |     3 |     1 ||     4
       Deck              |       |       |       |       |     2 ||     2
  Use: Scroll            |     1 |       |     3 |     8 |    12 ||    24
       Potion            |       |     2 |     1 |     4 |     4 ||    11
  Eat: Chunk             |       |     8 |     3 |    28 |     7 ||    46
       Fruit             |       |       |       |     1 |    16 ||    17
       Beef jerky        |       |       |       |     2 |     2 ||     4
       Pizza             |       |       |       |     1 |       ||     1
